 Seeded DCSS version 0.29-a0-23-ga79f92ac9c (webtiles) character file.

Game seed: 10000000000011 (custom seed)

2004 knot the Cleaver (level 9, -1/94 HPs)
             Began as a Demonspawn Berserker on Jan 31, 2022.
             Was a Priest of Trog.
             Slain by Joseph (12 damage)
             ... on level 7 of the Dungeon.
             The game lasted 00:07:13 (8990 turns).

knot the Cleaver (Demonspawn Berserker)             Turns: 8990, Time: 00:07:13

Health: -1/94      AC:  4    Str: 18    XL:     9   Next: 2%
Magic:  0/9        EV: 12    Int: 13    God:    Trog [***...]
Gold:   413        SH:  5    Dex: 12    Spells: 8/8 levels left

rFire   + . .      SeeInvis .   s - +0 war axe
rCold   . . .      Faith    .   (no shield)
rNeg    . . .      Spirit   +   r - +2 robe {rF+}
rPois   .          Reflect  +   (no helmet)
rElec   .          Harm     .   (no cloak)
rCorr   .          Rampage  .   (gloves unavailable)
Will    .....                   (no boots)
Stlth   ..........              d - amulet of reflection
HPRegen 0.25/turn               (no ring)
MPRegen 0.22/turn               (no ring)

@: berserking (expiring), very quick
A: powered by death 1, magic shield, magic regeneration, demonic touch 3
a: Renounce Religion, Berserk, Trog's Hand


You were on level 7 of the Dungeon.
You worshipped Trog.
Trog was most pleased with you.
You visited 1 branch of the dungeon, and saw 7 of its levels.

You collected 413 gold pieces.

Inventory:

Hand Weapons
 s - a +0 war axe (weapon)
Missiles
 f - 165 stones (quivered)
 l - 2 poisoned darts
 p - 10 boomerangs
Armour
 r - a +2 robe of fire resistance (worn)
Jewellery
 d - an amulet of reflection (around neck)
Wands
 b - a wand of charming (7)
 o - a wand of polymorph (10)
 q - a wand of flame (13)
 v - a wand of iceblast (8)
Scrolls
 c - a scroll of amnesia {unknown}
 j - 3 scrolls of identify {unknown}
 m - 2 scrolls of blinking {unknown}
 n - a scroll of fog {unknown}
 t - 2 scrolls of holy word {unknown}
 u - 2 scrolls of teleportation {unknown}
Potions
 a - a potion of brilliance {unknown}
 e - 3 potions of curing {unknown}
 g - a potion of lignification {unknown}
 h - a potion of might {unknown}
 i - a potion of magic {unknown}
 k - a potion of heal wounds {unknown}


   Skills:
 - Level 3.0 Fighting
 * Level 10.3 Axes
 * Level 4.0 Throwing
 - Level 1.7 Armour
 - Level 1.7 Dodging


You had 8 spell levels left.
You didn't know any spells.
Your spell library contained the following spells:

 Spells                   Type           Power      Damage    Failure   Level
 Corpse Rot               Necr/Air       0%         N/A       43%         2
 Ensorcelled Hibernation  Hex/Ice        0%         N/A       43%         2
 Passwall                 Tmut/Erth      0%         N/A       43%         2
 Poisonous Vapours        Pois/Air       0%         N/A       43%         2
 Ozocubu's Armour         Ice            0%         N/A       67%         3
 Swiftness                Air            0%         N/A       67%         3
 Tukima's Dance           Hex            0%         N/A       67%         3
 Anguish                  Hex/Necr       0%         N/A       97%         4
 Metabolic Englaciation   Hex/Ice        0%         N/A       100%        5
 Simulacrum               Ice/Necr       0%         N/A       100%        6
 Enfeeble                 Hex            0%         N/A       100%        7


Dungeon Overview and Level Annotations

Branches:
Dungeon (7/15)             Temple (0/1) D:4

Altars:
Okawaru
Ru
Uskayaw

Shops:
D:3 [

Annotations:
D:7 Joseph


Innate Abilities, Weirdness & Mutations

You regenerate a little health from kills.
When hurt, damage is shared between your health and your magic reserves.
You regenerate magic rapidly.
Your touch may irresistibly damage your foes and sap their willpower.


Message History

Joseph is lightly wounded.
Joseph misses you.
You slash Joseph!
Joseph is heavily wounded.
You closely miss Joseph. Your touch misses Joseph.
Joseph is heavily wounded.
You block Joseph's attack.
You slash Joseph!
Joseph is heavily wounded.
Joseph barely misses you.
You closely miss Joseph.
Joseph is heavily wounded.
You closely miss Joseph.
Joseph is heavily wounded.
Joseph hits you with a +0 quarterstaff!
You barely miss Joseph.
Joseph is heavily wounded.
You block Joseph's attack.
You closely miss Joseph.
Joseph is heavily wounded.
You slash Joseph! Your touch misses Joseph.
Joseph is severely wounded.
Joseph hits you with a +0 quarterstaff!
* * * LOW HITPOINT WARNING * * *
You barely miss Joseph.
You touch Joseph.
You sap his willpower!
Joseph is severely wounded.
Joseph hits you with a +0 quarterstaff!
* * * LOW HITPOINT WARNING * * *
You barely miss Joseph.
Joseph is severely wounded.
You hit Joseph.
Joseph is almost dead.
Joseph misses you.
You slash Joseph! Your touch misses Joseph.
Joseph is almost dead.
You barely miss Joseph. Your touch misses Joseph.
Joseph is almost dead.
Joseph says, "The best offense is a good offense."
Joseph hits you with a +0 quarterstaff!
You die...

### ##.##.#
#...#.# #...#.#
#####...#.#
#..........
#..........
##.#######
#.)........
#......@.#
#..##...##.
##.#####@#
#))##...### #.#
#..##...# # #.#
#..###### #.#
#..# #.# #..#
#.# #..# #.#
#..# #.######..#
.#####.).......#


You could see Joseph (weak-willed).

Vanquished Creatures
  A kobold demonologist (D:5)
  A black bear (D:5)
  A necrophage (D:6)
  3 ogres
  A phantom (D:6)
  5 scorpions
  2 wyvern zombies (D:7)
  Dowan (D:4)
  A howler monkey (D:5)
  5 wights (D:7)
  A centaur zombie (D:5)
  An orc priest (D:4)
  3 hounds
  A jelly (D:6)
  2 bullfrog skeletons
  3 centaur skeletons
  Ijyb (D:4)
  An orc wizard (D:7)
  A scorpion zombie (D:5)
  7 adders
  A river rat (D:4)
  A white imp (D:5)
  13 orcs
  6 endoplasms
  2 giant cockroaches
  5 goblins
  5 hobgoblins
  14 jackals
  A quokka (D:4)
  4 ball pythons
  7 bats
  5 frilled lizards
  3 kobolds
  5 rats
114 creatures vanquished.

Notes
Turn   | Place    | Note
-------+----------+-------------------------------------------
     0 | D:1      | knot the Demonspawn Berserker began the quest for the Orb.
     0 | D:1      | Reached XP level 1. HP: 18/18 MP: 1/1
   151 | D:1      | Reached skill level 3 in Axes
   195 | D:1      | Gained mutation: You regenerate magic rapidly. [demonic
                  | ancestry]
   195 | D:1      | Reached XP level 2. HP: 6/24 MP: 2/2
  1341 | D:2      | Gained mutation: Your touch may inflict minor irresistible
                  | damage on your foes. [demonic ancestry]
  1341 | D:2      | Reached XP level 3. HP: 29/29 MP: 3/3
  1433 | D:2      | Reached ** piety under Trog
  1434 | D:2      | Reached skill level 4 in Axes
  2053 | D:2      | Reached XP level 4. HP: 30/35 MP: 4/4
  2359 | D:3      | Noticed an ogre
  2366 | D:3      | Killed an ogre
  2367 | D:3      | Reached skill level 5 in Axes
  2367 | D:3      | Reached XP level 5. HP: 20/41 MP: 5/5
  2692 | D:3      | Found Daocsar's Antique Armour Emporium.
  3623 | D:4      | Noticed Duvessa
  3645 | D:4      | Noticed Duvessa
  3645 | D:4      | Duvessa changed into Duvessa the river rat
  3649 | D:4      | Killed Duvessa the river rat
  3650 | D:4      | Reached skill level 6 in Axes
  3661 | D:4      | Noticed Dowan
  4183 | D:4      | HP: 1/61 [Dowan (4)]
  4184 | D:4      | Killed Dowan
  4185 | D:4      | Gained mutation: Your touch may inflict irresistible damage
                  | on your foes. [demonic ancestry]
  4185 | D:4      | Reached XP level 6. HP: 2/47 MP: 6/6
  4499 | D:4      | Found a staircase to the Ecumenical Temple.
  4616 | D:4      | Noticed Ijyb
  4629 | D:4      | Killed Ijyb
  5245 | D:5      | Entered Level 5 of the Dungeon
  5294 | D:5      | Noticed a kobold demonologist
  5305 | D:5      | Noticed a chaos spawn
  5306 | D:5      | Noticed a sixfirhy
  5308 | D:5      | Killed a kobold demonologist
  5309 | D:5      | Reached skill level 7 in Axes
  5309 | D:5      | Gained mutation: When hurt, damage is shared between your
                  | health and your magic reserves. [demonic ancestry]
  5309 | D:5      | Reached XP level 7. HP: 52/52 MP: 7/7
  5523 | D:5      | Reached skill level 8 in Axes
  6223 | D:5      | Reached skill level 9 in Axes
  6223 | D:5      | Gained mutation: You regenerate a little health from kills.
                  | [demonic ancestry]
  6223 | D:5      | Reached XP level 8. HP: 39/58 MP: 8/8
  6322 | D:5      | Found a hide-covered altar of Uskayaw.
  6931 | D:6      | Reached skill level 1 in Throwing
  7677 | D:6      | Reached skill level 10 in Axes
  8159 | D:6      | Found an iron altar of Okawaru.
  8395 | D:7      | Reached *** piety under Trog
  8577 | D:7      | Found a sacrificial altar of Ru.
  8743 | D:7      | Gained mutation: Your touch may irresistibly damage your
                  | foes and sap their willpower. [demonic ancestry]
  8743 | D:7      | Reached XP level 9. HP: 58/63 MP: 6/9
  8966 | D:7      | Noticed Joseph
  8990 | D:7      | Slain by Joseph

Illustrated notes

Levels and vault maps discovered:
D:1:      lordsloth_arrival_two_stooges, layout_basic, grunt_decor_fettered,
          minmay_misc_feat_diagonals, nicolae_concentric_dashed_squares_wild
D:2:      layout_rooms, hangedman_decor_clover_reticule
D:3:      layout_basic, serial_shops, shop, kennysheep_path_1
D:4:      layout_rooms, temple_doors_e, uniq_duvessa, uniq_ijyb
D:5:      layout_loops_cross, nicolae_uskayaw_suspiria, item_on_display_a
D:6:      layout_rooms, nicolae_overflow_hidden_temple, grunt_ministairs_6
D:7:      layout_loops_ring, nicolae_ru_awakened_eye, palyth_stone_intersect,
          minmay_misc_feat_alley, minivault_27, uniq_joseph

Skill      XL: |  1  2  3  4  5  6  7  8  9 |
---------------+----------------------------+-----
Axes           | 3 4 5 6 7 9 10 | 10.3
Throwing       | 3 4 |  4.0
Fighting       | |  3.0
Armour         | |  1.7
Dodging        | |  1.7

Action                   |  1- 3 |  4- 6 |  7- 9 || total
-------------------------+-------+-------+-------++-------
Melee: Hand axe          |    92 |    74 |       ||   166
       Touch             |     4 |    10 |    34 ||    48
       Punch             |     1 |     2 |     3 ||     6
       War axe           |       |    10 |   167 ||   177
Throw: Stone             |       |     1 |     4 ||     5
Invok: Berserk           |     3 |     7 |     8 ||    18
       Trog's Hand       |       |     1 |       ||     1
Evoke: Wand              |       |     6 |     4 ||    10
 Stab: Sleeping          |     1 |       |       ||     1
Armor: Animal skin       |    27 |     5 |       ||    32
       Robe              |       |     7 |    32 ||    39
Dodge: Dodged            |    73 |    50 |    77 ||   200
Block: Other             |       |     1 |    40 ||    41
       Reflection        |       |       |     1 ||     1

Table legend: (Time is in decaauts)
 A = Elapsed time spent in this place.
 B = Non-inter-level travel time spent in this place.
 C = Inter-level travel time spent in this place.
 D = Time resting spent in this place.
 E = Time spent auto-exploring this place.
 F = Levels seen in this place.
 G = Mean time per level.
                   A        B        C        D        E       F      G
               +--------+--------+--------+--------+--------+-----+--------+
         Total |   9168 |   8934 |    234 |   4210 |   3769 |   7 | 1309.7 |
       Dungeon |   9168 |   8934 |    234 |   4210 |   3769 |   7 | 1309.7 |
               +--------+--------+--------+--------+--------+-----+--------+

Top non-repeatable levels by time:
     D:5: 1831 daAuts
     D:3: 1823 daAuts
     D:1: 1363 daAuts
     D:6: 1320 daAuts
     D:4: 1215 daAuts
     D:2: 936 daAuts
     D:7: 678 daAuts
